 Dungeon Crawl Stone Soup version 0.26-a0-40-gfe7b5d5 (webtiles) character file.

Game seed: 8812858280753925500, levelgen mode: deterministic

100832 Firecrotchwizard the Brawler (level 16, -5/151 HPs)
             Began as a Ghoul Fighter on May 31, 2020.
             Was the Champion of Makhleb.
             Slain by a thorn hunter (7 damage)
             ... on level 2 of the Swamp.
             The game lasted 01:04:37 (25971 turns).

Firecrotchwizard the Brawler (Ghoul Fighter)       Turns: 25971, Time: 01:04:37

Health: -5/151     AC: 16    Str: 30    XL:     16   Next: 28%
Magic:  21/21      EV:  7    Int:  6    God:    Makhleb [******]
Gold:   2355       SH: 20    Dex: 12    Spells: 15/15 levels left

rFire    . . .     SeeInvis +     - Unarmed
rCold    + . .     Gourm    .   b - +0 kite shield
rNeg     + + +     Faith    .   B - +0 plate armour
rPois    ∞         Spirit   .   (no helmet)
rElec    .         Reflect  +   v - +2 cloak
rCorr    .         Harm     .   (no gloves)
MR       +....                  T - +1 pair of boots of Spring {rPois Dex+4}
Stlth    ..........             H - amulet of reflection
HPRegen  0.00/turn              o - ring of see invisible {sInv, !d}
MPRegen  0.17/turn              u - +6 ring of strength

@: rotting
A: rotting body, claws 1, carnivore, cold resistance 1, negative energy
resistance 3, inhibited regeneration, torment resistance, unbreathing
a: Minor Destruction, Lesser Servant of Makhleb, Major Destruction, Greater
Servant of Makhleb, Renounce Religion


You were on level 2 of the Swamp.
You worshipped Makhleb.
Makhleb was exalted by your worship.
You were not hungry.

You visited 5 branches of the dungeon, and saw 26 of its levels.
You also visited: Gauntlet.

You collected 3083 gold pieces.
You spent 728 gold pieces at shops.

Inventory:

Missiles
 m - 7 curare-tipped darts
 q - 142 poisoned darts
 F - a throwing net {=f, !d}
Armour
 b - a +0 kite shield (worn)
 v - a +2 cloak (worn)
   (You found it on level 4 of the Dungeon)
 y - the cursed +0 leather armour of Votux {Dex+4, unknown}
   (You found it on level 2 of the Swamp)

   It affects your dexterity (+4).
   It has a curse placed upon it.
 B - a +0 plate armour (worn)
   (You took it off an orc warrior on level 8 of the Dungeon)
 C - a scarf of invisibility
   (You found it in a Gauntlet)
 I - a +1 pair of gloves of strength
   (You found it in a Gauntlet)
 Q - the +0 pair of gloves of Undesirable Species {rCorr Dex+2}
   (You found it on level 6 of the Lair of Beasts)

   It affects your dexterity (+2).
   It provides partial protection from all sources of acid and corrosion.
 T - the +1 pair of boots of Spring (worn) {rPois Dex+4}
   (You found it in a Gauntlet)

   It affects your dexterity (+4).
   It protects you from poison.
Magical Staves
 z - an uncursed staff of summoning {unknown}
   (You found it on level 2 of the Swamp)
 U - an uncursed staff of earth
   (You took it off Jorgrun on level 1 of the Swamp)
Jewellery
 o - a ring of see invisible (left claw) {sInv, !d}
   (You found it on level 2 of the Dungeon)
 u - a +6 ring of strength (right claw)
   (You found it on level 11 of the Dungeon)
 H - an amulet of reflection (around neck)
   (You found it on level 9 of the Dungeon)
 V - an uncursed ring of protection from cold {rC+, !d}
   (You found it on level 13 of the Dungeon)
Wands
 h - a wand of acid (18)
   (You found it on level 8 of the Dungeon)
 K - a wand of disintegration (17)
   (You found it on level 4 of the Lair of Beasts)
 N - a wand of clouds (7)
   (You found it on level 2 of the Lair of Beasts)
 Z - a wand of iceblast (10)
   (You found it on level 14 of the Dungeon)
Scrolls
 g - 15 scrolls of remove curse
 i - 8 scrolls of teleportation
 j - 15 scrolls of identify
 J - a scroll of magic mapping {!r}
 L - 4 scrolls of fear
 M - 3 scrolls of enchant armour
 P - 3 scrolls of enchant weapon
 S - 3 scrolls of amnesia
 X - 3 scrolls of blinking {!r}
Potions
 c - 2 potions of degeneration {unknown}
 e - 4 potions of heal wounds
 f - 10 potions of lignification {unknown}
 k - a potion of magic {unknown}
 l - a potion of flight {unknown}
 n - 3 potions of invisibility {unknown}
 p - 3 potions of brilliance {unknown}
 r - 2 potions of stabbing {unknown}
 s - 10 potions of curing
 t - 2 potions of berserk rage {unknown}
 A - 2 potions of ambrosia {unknown}
 D - 2 potions of cancellation {unknown}
 E - 3 potions of mutation
 G - 2 potions of resistance
 W - 4 potions of haste
Miscellaneous
 a - 2 phantom mirrors
 x - a phial of floods
   (You found it on level 2 of the Swamp)
Comestibles
 d - 53 rations
 w - 7 chunks of flesh {@w0}


   Skills:
 + Level 16.0 Fighting
 - Level 2.6 Armour
 - Level 15.0 Shields
 + Level 17.3 Unarmed Combat
 + Level 8.2 Invocations


You had 15 spell levels left.
You didn't know any spells.
Your spell library contained the following spells:

 Spells                   Type           Power        Failure   Level  Hunger
 Animate Skeleton         Necr           N/A          99%         1    ##.....
 Infusion                 Chrm           #...         99%         1    ##.....
 Pain                     Necr           #...         99%         1    ##.....
 Sandblast                Erth           #.....       99%         1    ##.....
 Ensorcelled Hibernation  Hex/Ice        #.....       100%        2    ###....
 Passwall                 Tmut/Erth      #.......     100%        2    ###....
 Poisonous Vapours        Pois/Air       #.....       100%        2    ###....
 Shroud of Golubria       Chrm/Tloc      #.....       100%        2    ###....
 Slow                     Hex            #.......     100%        2    ###....
 Song of Slaying          Chrm           #.......     100%        2    ###....
 Conjure Flame            Conj/Fire      #.......     100%        3    ####...
 Mephitic Cloud           Conj/Pois/Air  #.......     100%        3    ####...
 Ozocubu's Armour         Chrm/Ice       #.......     100%        3    ####...
 Spectral Weapon          Hex/Chrm       #.......     100%        3    ####...
 Stone Arrow              Conj/Erth      #.....       100%        3    ####...
 Summon Guardian Golem    Hex/Summ       #.......     100%        3    ####...
 Cause Fear               Hex            #.........   100%        4    #####..
 Iskenderun's Mystic Bla  Conj/Tloc      #.......     100%        4    #####..
 Passage of Golubria      Tloc           N/A          100%        4    #####..
 Petrify                  Tmut/Erth      #.......     100%        4    #####..
 Bolt of Magma            Conj/Fire/Erth #.........   100%        5    ######.
 Borgnjor's Vile Clutch   Necr/Erth      #.........   100%        5    ######.
 Iskenderun's Battlesphe  Conj/Chrm      #.......     100%        5    ######.
 Lee's Rapid Deconstruct  Erth           #.........   100%        5    ######.
 Metabolic Englaciation   Hex/Ice        #.........   100%        5    ######.
 Silence                  Hex/Air        #.........   100%        5    ######.
 Darkness                 Hex            #.........   100%        6    #######
 Freezing Cloud           Conj/Ice/Air   #.........   100%        6    #######
 Invisibility             Hex            #.......     100%        6    #######
 Iron Shot                Conj/Erth      #.........   100%        6    #######
 Shadow Creatures         Summ           N/A          100%        6    #######
 Simulacrum               Ice/Necr       #.........   100%        6    #######
 Orb of Destruction       Conj           #.........   100%        7    #######
 Ring of Flames           Chrm/Fire      #.........   100%        7    #######
 Spellforged Servitor     Conj/Summ      #.........   100%        7    #######
 Disjunction              Tloc           #.........   100%        8    #######


Dungeon Overview and Level Annotations

Branches:
Dungeon (14/15)            Temple (1/1) D:7            Lair (6/6) D:10
  Swamp (3/4) Lair:4       Spider (0/4) Lair:3        Slime (0/5) Lair:6
    Orc (2/2) D:9             Elf (0/3) Orc:2        Vaults (0/5) D:14
Gauntlet (visited)

Altars:
Ashenzari
Cheibriados
Dithmenos
Elyvilon
Fedhas
Gozag
Hepliaklqana
Kikubaaqudgha
Makhleb
Nemelex Xobeh
Okawaru
Qazlal
Ru
Sif Muna
Trog
Uskayaw
Vehumet
Wu Jian
Xom
Yredelemnul
Zin
The Shining One
Beogh

Shops:
D:4 (   D:8 *   Orc:1 *   Orc:2 :?

Annotations:
Lair:2 exclusion: oklob plant
Swamp:1 3 runed translucent doors, Ndrwtcm's ghost, adept HOFi
Orc:2 exclusion: 3 doors


Innate Abilities, Weirdness & Mutations

Your body is rotting away.
You thrive on raw meat.
You are immune to poison.
You have sharp fingernails.
You are carnivorous and can eat meat at any time.
Your flesh is cold resistant. (rC+)
You are immune to negative energy. (rN+++)
You do not regenerate when monsters are visible.
You are immune to unholy pain and torment.
You can survive without breathing.


Message History

You mangle the swamp drake!!
You kill the swamp drake!
Makhleb accepts your kill.
You feel better. You block the swamp worm's attack.
You regained 5 hp, and now have 116/151 hp.
You block the swamp worm's attack. The swamp worm closely misses you.
You barely miss the swamp worm. You mangle the swamp worm!!
You block the swamp worm's attack.
You claw the swamp worm! The swamp worm bites you.
You take 6 damage, and have 110/151 hp.
You mangle the swamp worm!!
You kill the swamp worm!
Makhleb accepts your kill.
There is a stone staircase leading down here.
You start resting.
You feel your flesh rotting away.
You regained 18 hp, and now have 128/150 hp.
You climb downwards.
You block the vampire mosquito's attack.
The vampire mosquito bites you but does no damage.
The vampire mosquito closely misses you.
The thorn hunter gestures.
Thorny briars emerge from the ground!
The vampire mosquito bites you.
You block the vampire mosquito's attack.
The thorn hunter gestures.
The vampire mosquito bites you but does no damage.
The thorn hunter hits you! x2
There is a stone staircase leading up here.
You take 29 damage, and have 99/150 hp.
You block the vampire mosquito's attack. x2
The spiny frog stings you! You block the thorn hunter's attack. x2
The vampire mosquito closely misses you.
The vampire mosquito bites you but does no damage.
You climb upwards.
There is a stone staircase leading down here.
You take 11 damage, and have 88/150 hp.
You claw the thorn hunter! The vampire mosquito bites you.
You block the spiny frog's attack. The vampire mosquito bites you!
You block the thorn hunter's attack. The thorn hunter hits you!
You take 22 damage, and have 66/150 hp.
You scratch the thorn hunter. The vampire mosquito bites you!
The vampire mosquito bites you but does no damage.
The spiny frog barely misses you. The thorn hunter hits you.
You block the thorn hunter's attack.
The vampire mosquito bites you but does no damage.
You take 11 damage, and have 55/150 hp.
You scratch the thorn hunter but do no damage.
The vampire mosquito bites you.
The vampire mosquito bites you but does no damage.
You block the spiny frog's attack.
The vampire mosquito bites you but does no damage.
The thorn hunter fires a volley of thorns at you.
The volley of thorns hits you!!
* * * LOW HITPOINT WARNING * * *
You take 24 damage, and have 31/150 hp.
You claw the thorn hunter!
You block the vampire mosquito's attack.
The vampire mosquito bites you but does no damage.
The spiny frog stings you!
* * * LOW HITPOINT WARNING * * *
The thorn hunter closely misses you. The thorn hunter barely misses you.
You take 11 damage, and have 20/150 hp.
You feel much better.
You block the vampire mosquito's attack.
The vampire mosquito bites you but does no damage.
You block the vampire mosquito's attack.
The vampire mosquito closely misses you.
You block the spiny frog's attack. The thorn hunter hits you!
* * * LOW HITPOINT WARNING * * *
You block the thorn hunter's attack.
You regained 14 hp, and now have 34/151 hp.
You scratch the thorn hunter.
You block the vampire mosquito's attack. x2
The thorn hunter fires a volley of thorns at you.
The volley of thorns reflects off an invisible shield around you!
The volley of thorns hits the thorn hunter!!
You block the spiny frog's attack.
The vampire mosquito bites you but does no damage.
You mangle the thorn hunter!!
The vampire mosquito bites you but does no damage.
The vampire mosquito barely misses you.
The thorn hunter fires a volley of thorns at you.
The volley of thorns hits you!!
* * * LOW HITPOINT WARNING * * *
You block the vampire mosquito's attack.
The spiny frog stings you but does no damage.
You take 29 damage, and have 5/151 hp.
You claw the thorn hunter!
You block the vampire mosquito's attack. x2
You barely miss the thorn hunter.
You block the vampire mosquito's attack. x2
The thorn hunter hits you but does no damage.
You block the thorn hunter's attack. The spiny frog stings you.
* * * LOW HITPOINT WARNING * * *
The vampire mosquito bites you but does no damage.
You take 3 damage, and have 2/151 hp.
You scratch the thorn hunter.
You block the vampire mosquito's attack.
The thorn hunter hits you!
You die...

♣♣♣...≈♣≈§≈≈≈≈≈.♣♣♣≈≈..≈≈÷..≈♣...
♣≈...../♣≈§≈≈≈≈≈.♣♣♣..≈≈..≈≈♣.≈≈≈
≈≈.≈......≈.≈≈≈≈.♣ ♣♣♣♣.≈♣♣..≈≈≈≈
.≈.≈.....≈≈≈≈≈≈.♣♣ ♣♣♣♣♣≈≈≈≈≈.
.....≈.....≈≈..♣♣♣♣♣♣ ♣.≈≈≈≈.
≈.≈.≈≈≈≈≈§≈≈§≈..♣♣≈≈♣♣♣♣♣ ♣♣...♣♣
≈.≈.≈≈≈≈≈≈≈≈≈≈..§..≈≈≈.≈♣ ♣≈≈.≈♣
.♣♣♣.≈≈≈≈§≈≈≈≈..f..≈≈≈§≈♣♣♣♣.≈..♣
♣♣♣♣.......≈..♣♣@F.≈≈≈≈.≈≈≈♣.....
♣.≈≈≈.≈♣§...≈yy≈≈≈≈≈≈≈..♣.≈≈≈≈≈
♣<≈≈≈.≈♣♣...♣.≈≈≈≈≈≈≈≈≈≈..≈≈≈.≈
♣≈.....♣♣...♣♣..≈≈≈≈≈≈≈≈......≈
♣♣♣≈.....♣♣≈≈≈♣§.≈≈≈≈.≈≈≈≈≈≈≈..≈♣
♣.......≈....♣♣≈≈≈≈....≈≈≈≈≈≈≈≈♣♣
♣≈..♣.≈.≈..≈♣≈.≈≈≈.≈♣♣.≈≈≈≈≈≈.≈♣
♣♣♣♣≈≈≈≈..♣♣♣≈≈≈≈≈.≈...≈≈≈...≈♣♣
♣♣≈♣≈.≈≈..♣♣♣≈≈≈.......≈≈.≈.≈♣♣


You could see a thorn hunter, a spiny frog and 2 vampire mosquitoes.

Vanquished Creatures
  Jorgrun (Swamp:1)
  Nessos (Lair:6)
  A minotaur (Gauntlet)
  A dire elephant (Lair:4)
  A fire dragon (Lair:6)
  A vault guard (D:14)
  8 hydras
  5 centaur warriors
  11 alligators
  2 catoblepae
  6 death yaks (D:10)
  4 two-headed ogres
  Urug (Orc:2)
  Nergalle (Lair:4)
  A sixfirhy (Gauntlet)
  2 swamp dragons
  3 unseen horrors
  Pikel (D:5)
  A lindwurm (Lair:5)
  2 orc knights
  13 ugly things
  A wolf spider zombie (D:14)
  A wolf spider (Lair:6)
  A cyclops (Orc:2)
  25 elephants
  Maurice (D:8)
  7 black mambas
  A guardian serpent (Lair:6)
  Psyche (D:8)
  2 gargoyles (D:12)
  2 centaur skeletons
  9 spiny frogs
  A rime drake (Lair:5)
  A torpor snail (Lair:5)
  6 komodo dragons
  4 polar bears
  2 jumping spiders (Lair:3)
  2 trolls
  9 tyrant leeches
  7 slime creatures
  5 hornets
  A blink frog (shapeshifter) (D:14)
  30 blink frogs
  6 hippogriffs
  A meliai zombie (D:14)
  4 bog bodies
  Sigmund (D:2)
  25 yaks
  A spriggan (Lair:4)
  9 redbacks
  2 wraiths
  12 wyverns
  A steam dragon (Lair:6)
  2 basilisks
  6 vampire mosquitoes
  2 hungry ghosts
  3 wargs (Orc:2)
  17 insubstantial wisps (Swamp:2)
  11 swamp worms
  A naga (shapeshifter) (D:9)
  4 acid dragons
  17 water moccasins
  11 swamp drakes
  17 orc warriors
  4 ice beasts
  2 sky beasts
  5 porcupines
  9 ogres
  2 phantoms
  An eye of draining (D:14)
  7 wolves
  10 centaurs
  13 crocodiles
  2 big kobolds
  17 bullfrogs
  A gnoll sergeant (D:10)
  A wyvern skeleton (D:11)
  3 scorpions
  20 wights
  15 killer bees
  A vampire bat (Orc:2)
  4 howler monkeys
  2 electric eels
  8 crimson imps
  5 centaur zombies
  4 bullfrog zombies
  A quasit (D:10)
  2 jellies
  A gnoll shaman (D:6)
  8 hounds
  18 orc priests
  3 bullfrog skeletons
  9 iguanas
  Jessica (D:2)
  Natasha (thrice) (D:2)
  14 orc wizards
  12 worker ants
  4 hell rats (Lair:5)
  2 hound skeletons
  14 gnolls
  A howler monkey skeleton (D:8)
  10 adders
  2 shadow imps
  2 ufetubi (Gauntlet)
  An ooze (D:3)
  2 adder zombies
  An adder skeleton (D:6)
  2 worms (D:3)
  3 dart slugs
  8 leopard geckos
  80 orcs
  4 ball pythons
  3 giant cockroaches
  10 goblins
  6 hobgoblins
  8 jackals (D:5)
  5 quokkas
  11 bats
  5 frilled lizards
  17 kobolds
  9 rats
  2 bushes (Lair:6)
759 creatures vanquished.

Vanquished Creatures (collateral kills)
  An elephant (Lair:4)
1 creature vanquished.

Vanquished Creatures (others)
  A slave (D:5)
  2 crimson imps (D:5)
  A bush (Lair:6)
  29 fungi
  35 plants
68 creatures vanquished.

Grand Total: 828 creatures vanquished

Notes
Turn   | Place    | Note
-------+----------+-------------------------------------------
     0 | D:1      | Firecrotchwizard the Ghoul Fighter began the quest for the
                  | Orb.
     0 | D:1      | Reached XP level 1. HP: 19/19 MP: 0/0
   298 | D:1      | Reached XP level 2. HP: 25/26 MP: 1/1
   589 | D:1      | Reached skill level 3 in Unarmed Combat
   683 | D:1      | Reached skill level 3 in Shields
   683 | D:1      | Reached XP level 3. HP: 30/31 MP: 2/2
  1182 | D:2      | Noticed Natasha
  1194 | D:2      | Killed Natasha
  1194 | D:2      | Reached XP level 4. HP: 33/40 MP: 3/3
  1215 | D:2      | Noticed Jessica
  1226 | D:2      | Killed Jessica
  1226 | D:2      | Reached skill level 4 in Fighting
  1226 | D:2      | Reached skill level 4 in Unarmed Combat
  1330 | D:2      | Found a glowing golden altar of the Shining One.
  1364 | D:2      | Noticed Natasha
  1372 | D:2      | Killed Natasha
  1372 | D:2      | Reached XP level 5. HP: 40/46 MP: 4/4
  1441 | D:2      | Noticed Sigmund
  1456 | D:2      | Killed Sigmund
  1456 | D:2      | Reached skill level 5 in Unarmed Combat
  1456 | D:2      | Reached XP level 6. HP: 44/53 MP: 5/5
  1580 | D:2      | Found a sparkling altar of Nemelex Xobeh.
  1603 | D:2      | Noticed Natasha
  1619 | D:2      | Killed Natasha
  2109 | D:3      | Found an ancient bone altar of Kikubaaqudgha.
  2261 | D:3      | Reached skill level 4 in Shields
  2441 | D:3      | Found a hide-covered altar of Uskayaw.
  2892 | D:4      | Reached skill level 5 in Fighting
  2900 | D:3      | Reached XP level 7. HP: 54/61 MP: 6/6
  2974 | D:3      | Reached skill level 6 in Unarmed Combat
  3065 | D:4      | Found Wocisuep's Weapon Emporium.
  3627 | D:4      | You fall into a shaft and drop 1 floor!
  3627 | D:5      | Entered Level 5 of the Dungeon
  3908 | D:5      | Noticed Pikel
  3917 | D:5      | Killed Pikel
  3917 | D:5      | Reached skill level 6 in Fighting
  3917 | D:5      | Reached skill level 5 in Shields
  3917 | D:5      | Reached skill level 7 in Unarmed Combat
  3917 | D:5      | Reached XP level 8. HP: 65/70 MP: 7/7
  3948 | D:5      | Found a snail-covered altar of Cheibriados.
  4105 | D:5      | Reached skill level 8 in Unarmed Combat
  4824 | D:6      | Reached skill level 9 in Unarmed Combat
  4824 | D:6      | Reached XP level 9. HP: 71/78 MP: 8/8
  4852 | D:6      | Reached skill level 7 in Fighting
  5175 | D:6      | Reached skill level 6 in Shields
  5767 | D:7      | Reached skill level 10 in Unarmed Combat
  6166 | D:7      | Found a staircase to the Ecumenical Temple.
  6180 | Temple   | Entered the Ecumenical Temple
  6599 | D:7      | Reached skill level 8 in Fighting
  6857 | Temple   | Became a worshipper of Makhleb the Destroyer
  6949 | D:8      | Reached XP level 10. HP: 46/88 MP: 9/9
  7200 | D:8      | Found a radiant altar of Vehumet.
  7243 | D:8      | Noticed Psyche
  7266 | D:8      | Killed Psyche
  7266 | D:8      | Reached skill level 7 in Shields
  7266 | D:8      | Reached skill level 11 in Unarmed Combat
  7404 | D:8      | Found an iron altar of Okawaru.
  7455 | D:8      | Noticed Maurice
  7646 | D:8      | Found a glowing silver altar of Zin.
  7647 | D:8      | Found Zin's Purification Station.
  7665 | D:8      | Reached * piety under Makhleb
  7703 | D:8      | Killed Maurice
  7954 | D:9      | Found a staircase to the Orcish Mines.
  7977 | D:9      | Found a shadowy altar of Dithmenos.
  8071 | D:9      | Reached ** piety under Makhleb
  8071 | D:9      | Reached skill level 9 in Fighting
  8245 | D:9      | Reached skill level 1 in Invocations
  8382 | D:9      | Reached skill level 2 in Invocations
  8616 | D:9      | Reached skill level 3 in Invocations
  8745 | D:9      | Found a hazy altar of Hepliaklqana.
  9055 | D:10     | Entered Level 10 of the Dungeon
  9148 | D:10     | Noticed a death yak
  9173 | D:10     | HP: 5/90 [death yak (24)]
  9175 | D:10     | Killed a death yak
  9175 | D:10     | Reached *** piety under Makhleb
  9175 | D:10     | Reached skill level 8 in Shields
  9175 | D:10     | Reached skill level 12 in Unarmed Combat
  9175 | D:10     | Reached skill level 4 in Invocations
  9175 | D:10     | Reached XP level 11. HP: 30/96 MP: 11/13
  9413 | D:10     | Noticed a death yak
  9416 | D:10     | Noticed a death yak
  9417 | D:10     | Noticed a death yak
  9418 | D:10     | Noticed a death yak
  9420 | D:10     | Noticed a death yak
  9427 | D:10     | Killed a death yak
  9427 | D:10     | Reached skill level 5 in Invocations
  9691 | D:10     | Found a staircase to the Lair.
  9721 | D:10     | Killed a death yak
  9736 | D:10     | Killed a death yak
  9748 | D:10     | Killed a death yak
  9748 | D:10     | Reached skill level 10 in Fighting
  9748 | D:10     | Reached skill level 6 in Invocations
  9759 | D:10     | Killed a death yak
  9956 | D:10     | Found a burning altar of Makhleb.
  9975 | D:10     | Reached skill level 7 in Invocations
 10236 | D:10     | Noticed a two-headed ogre
 10260 | D:10     | Killed a two-headed ogre
 10901 | Lair:1   | Entered Level 1 of the Lair of Beasts
 10937 | Lair:1   | Reached skill level 9 in Shields
 10963 | Lair:1   | Reached XP level 12. HP: 88/108 MP: 16/16
 11010 | Lair:1   | Reached skill level 13 in Unarmed Combat
 11036 | Lair:1   | Got a crude battleaxe
 11124 | Lair:1   | Reached skill level 11 in Fighting
 11130 | Lair:1   | Reached **** piety under Makhleb
 11909 | Lair:1   | Noticed an eight-headed hydra
 11917 | Lair:1   | Killed an eight-headed hydra
 12317 | Lair:2   | Noticed a catoblepas
 12343 | Lair:2   | Killed a catoblepas
 12880 | Lair:3   | Reached skill level 10 in Shields
 13060 | Lair:3   | Found a hole to the Spider Nest.
 13272 | Lair:3   | Reached skill level 12 in Fighting
 13315 | Lair:3   | Noticed a five-headed hydra
 13322 | Lair:3   | Killed a five-headed hydra
 13591 | Lair:3   | Got a pair of spiked boots
 13597 | Lair:3   | Identified the cursed -5 pair of boots of Hyqudwygh {rElec
                  | rPois rN++ Int-4} (You found it on level 3 of the Lair of
                  | Beasts)
 13679 | Lair:4   | Reached skill level 14 in Unarmed Combat
 13811 | Lair:4   | Reached XP level 13. HP: 90/118 MP: 17/17
 13853 | Lair:4   | Noticed a dire elephant
 14137 | Lair:4   | Noticed Nergalle
 14151 | Lair:4   | Killed Nergalle
 14295 | Lair:4   | Killed a dire elephant
 14422 | Lair:4   | Reached skill level 11 in Shields
 14580 | Lair:4   | Found a staircase to the Swamp.
 14621 | Lair:4   | Reached skill level 13 in Fighting
 15375 | Lair:5   | Reached skill level 15 in Unarmed Combat
 15441 | Lair:5   | Reached ***** piety under Makhleb
 16138 | Lair:6   | Entered Level 6 of the Lair of Beasts
 16365 | Lair:6   | Reached XP level 14. HP: 128/128 MP: 18/18
 16394 | Lair:6   | Got a pair of heavily runed gloves
 16396 | Lair:6   | Identified the +0 pair of gloves of Undesirable Species
                  | {rCorr Dex+2} (You found it on level 6 of the Lair of
                  | Beasts)
 16417 | Lair:6   | Reached skill level 12 in Shields
 16694 | Lair:6   | Found a staircase to the Slime Pits.
 17033 | Lair:6   | Reached skill level 14 in Fighting
 17052 | Lair:6   | Noticed Nessos
 17071 | Lair:6   | Killed Nessos
 17783 | Lair:6   | Reached skill level 13 in Shields
 19121 | D:12     | Reached ****** piety under Makhleb
 19156 | D:12     | Reached skill level 16 in Unarmed Combat
 19418 | D:12     | Found a gate leading to a gauntlet.
 19422 | Gauntlet | Entered a Gauntlet
 19422 | Gauntlet | Found a transporter.
 19432 | Gauntlet | Found a transporter.
 19436 | Gauntlet | Found a runed translucent door.
 19438 | Gauntlet | Found a runed translucent door.
 19440 | Gauntlet | Found a transporter.
 19442 | Gauntlet | Found a transporter.
 19452 | Gauntlet | Found a transporter.
 19470 | Gauntlet | Found a transporter.
 19480 | Gauntlet | Found a transporter.
 19490 | Gauntlet | Found a transporter.
 19504 | Gauntlet | Found a transporter.
 19513 | Gauntlet | Found a runed translucent gate.
 19514 | Gauntlet | Found a transporter.
 19514 | Gauntlet | Found a runed translucent gate.
 19514 | Gauntlet | Found a transporter.
 19515 | Gauntlet | Found a runed translucent gate.
 19569 | Gauntlet | Found a transporter.
 19569 | Gauntlet | Found a transporter.
 19585 | Gauntlet | Found a transporter.
 19767 | Gauntlet | Got a pair of steaming boots
 19771 | Gauntlet | Identified the +1 pair of boots of Spring {rPois Dex+4}
                  | (You found it in a Gauntlet)
 19808 | Gauntlet | Reached XP level 15. HP: 92/139 MP: 19/19
 19812 | Gauntlet | Identified Javvokeo's Almanac of Displaced Black Secrets
 19818 | Gauntlet | Identified Zuchegin's Compendium of the Oath
 21065 | D:14     | Reached skill level 14 in Shields
 21098 | D:14     | Found a bloodstained altar of Trog.
 21149 | D:14     | Reached skill level 15 in Fighting
 21604 | D:14     | Found a gate to the Vaults.
 22125 | Orc:1    | Entered Level 1 of the Orcish Mines
 22256 | Orc:1    | Found Luhujaad's Assorted Antiques.
 22448 | Orc:2    | Entered Level 2 of the Orcish Mines
 22770 | Orc:2    | Noticed Urug
 22784 | Orc:2    | Killed Urug
 22856 | Orc:2    | Found a roughly hewn altar of Beogh.
 22883 | Orc:2    | HP: 14/141 [orc warrior/+0 long sword[an orc knight] (23)]
 22885 | Orc:2    | HP: 2/141 [orc/+0 whip of distortion[an orc knight] (10)]
 22891 | Orc:2    | HP: 27/141 [orc warrior/+0 long sword[an orc knight] (2)]
 22893 | Orc:2    | HP: 9/141 [orc warrior/+0 trident[an orc knight] (7)]
 22995 | Orc:2    | Found a staircase to the Elven Halls.
 23019 | Orc:2    | Found a roughly hewn altar of Beogh.
 23147 | Orc:2    | Found a roughly hewn altar of Beogh.
 23155 | Orc:2    | Found Esiggiet's Magic Scroll Boutique.
 23164 | Orc:2    | Bought a scroll of acquirement for 728 gold pieces
 23230 | Orc:2    | Found a roughly hewn altar of Beogh.
 23431 | Orc:2    | Found a roughly hewn altar of Beogh.
 23432 | Orc:2    | Found Ycowuef's Book Shoppe.
 24072 | Swamp:1  | Entered Level 1 of the Swamp
 24135 | Swamp:1  | Found a runed translucent gate.
 24135 | Swamp:1  | Noticed Ndrwtcm's ghost (adept HOFi)
 24136 | Swamp:1  | Found a runed translucent gate.
 24137 | Swamp:1  | Found a runed translucent gate.
 24465 | Swamp:1  | Noticed Jorgrun
 24478 | Swamp:1  | Killed Jorgrun
 24484 | Swamp:1  | HP: 28/141 [alligator (16)]
 24485 | Swamp:1  | HP: 9/141 [alligator (12)]
 24815 | Swamp:1  | Reached skill level 15 in Shields
 25160 | Swamp:2  | Reached skill level 17 in Unarmed Combat
 25160 | Swamp:2  | Reached XP level 16. HP: 147/149 MP: 20/20
 25429 | Swamp:2  | Got a smelly leather armour
 25518 | Swamp:2  | Reached skill level 8 in Invocations
 25641 | Swamp:2  | Reached skill level 16 in Fighting
 25892 | Swamp:3  | Noticed a thorn hunter
 25964 | Swamp:2  | HP: 31/150 [thorn hunter/volley of thorns (22)]
 25968 | Swamp:2  | HP: 5/151 [thorn hunter/volley of thorns (29)]
 25970 | Swamp:2  | HP: 2/151 [spiny frog (3)]
 25971 | Swamp:2  | Slain by a thorn hunter

Illustrated notes

Levels and vault maps discovered:
D:1:      minmay_arrival_five_plusses, layout_basic
D:2:      layout_loops_ring, nemelex_xobeh_ov_fountains_minmay,
          old_standard_altar, minmay_tromino_v4_b, uniq_jessica, uniq_natasha,
          uniq_sigmund
D:3:      layout_basic, eat_drink_and_be_merry_uskayaw,
          nicolae_overflow_crystal_walls, minmay_distorted
D:4:      layout_cave_pools, first_ration, serial_shops, shop, minmay_cupped
D:5:      layout_gridville, old_standard_altar, uniq_pikel
D:6:      layout_basic, water_boxes_lemuel
D:7:      layout_loops_ring, minmay_temple_entry_nine_rooms,
          lightli_corner_chamber
D:8:      layout_cave_pools, lemuel_round_altar, okawaru_gym_becter, zin_purify,
          uniq_maurice, uniq_psyche
D:9:      layout_stronghold, kennysheep_mini, lemuel_coloured_pillars_altar,
          hiddenorc2_lemuel, grunt_ogre_cave
D:10:     layout_basic, dpeg_lair_monsters, basic_altar, serial_rivers,
          chequers_serial_rivers_marsh, chequers_serial_rivers_micro_a,
          chequers_serial_rivers_micro_a, chequers_serial_rivers_micro_a,
          chequers_serial_rivers_marsh, chequers_serial_rivers_micro_e,
          minmay_fractal_squares_gapless_7
D:11:     layout_gridville
D:12:     layout_irregular_city, gauntlet_entry_generic
D:13:     layout_basic, minmay_misc_feat_square, hangedman_abyss_or_decor_slice
D:14:     layout_long_grid, david_vaults_5, trog_ov_bears_minmay
Temple:   hc_temple_tempest_star
Lair:1:   layout_layer_cave
Lair:2:   layout_misc_corridors, minmay_lair_oklob_items, lemuel_fruit_fields
Lair:3:   layout_misc_corridors, nicolae_spider_entry_tight_spaces,
          chequers_serial_rivers_large_b, lemuel_fruit_tree, grunt_megastairs_5
Lair:4:   mu_elephants_graveyard, layout_big_grid, skrybe_swamp_entry_bodies,
          uniq_nergalle
Lair:5:   layout_cave_pods
Lair:6:   guppyfry_lair_end_dragon, layout_concentric_octagons,
          hangedman_lair_tendril_chambers, slime_dummy, serial_bayou_pond_e,
          minmay_hedge_maze, uniq_nessos
Swamp:1:  layout_falls_marsh, gammafunk_ghost_hydra_chop,
          evilmike_swamp_ruin_house_2, swamp_pool1, uniq_jorgrun
Swamp:2:  layout_basic_swamp, evilmike_swamp_ruin_rubble_2, swamp_pool1
Swamp:3:  layout_falls_marsh, hangedman_swamp_pad, swamp_pool2
Orc:1:    layout_diamond_mine, serial_shops, shop_statue, roderic_batcave
Orc:2:    grunt_orc_community_town_hall, layout_diamond_mine,
          grunt_orc_community_big_house_1, grunt_orc_community_big_house_2,
          grunt_orc_community_house_1, grunt_orc_community_house_3,
          grunt_orc_community_house_2, grunt_orc_community_house_2,
          grunt_orc_community_house_2, uniq_urug

Skill      XL: |  1  2  3  4  5  6  7  8  9 10 11 12 13 14 15 16 |
---------------+-------------------------------------------------+-----
Unarmed Combat | 3 4 5 7 9 10 12 14 15 16 17 | 17.3
Shields        | 3 4 5 6 8 9 10 11 13 15 | 15.0
Fighting       | 4 5 6 8 9 10 12 13 14 15 16 | 16.0
Invocations    | 4 7 8 |  8.2
Armour         | |  2.6

Action                   |  1- 3 |  4- 6 |  7- 9 | 10-12 | 13-15 | 16-18 || total
-------------------------+-------+-------+-------+-------+-------+-------++-------
Melee: Unarmed           |   106 |   151 |   377 |   792 |  1417 |   201 ||  3044
Invok: Minor Destruction |       |       |       |    24 |     8 |       ||    32
       Major Destruction |       |       |       |     4 |     4 |       ||     8
       Lesser Servant of |       |       |       |       |     1 |       ||     1
  Use: Potion            |       |     1 |       |     4 |     4 |     1 ||    10
       Scroll            |       |       |    10 |     7 |     7 |       ||    24
 Stab: Petrified         |       |       |       |     8 |       |       ||     8
       Confused          |       |       |       |       |     1 |     1 ||     2
  Eat: Chunk             |     4 |    12 |    22 |    72 |   114 |    10 ||   234
Armor: Scale mail        |    32 |    39 |    18 |       |       |       ||    89
       Chain mail        |       |       |   122 |    22 |       |       ||   144
       Plate armour      |       |       |       |   214 |   448 |    67 ||   729
Dodge: Dodged            |    22 |    33 |    79 |   102 |   187 |    40 ||   463
Block: Kite shield       |    49 |    54 |   169 |   472 |  1144 |   216 ||  2104
       Reflection        |       |       |       |     5 |    34 |     5 ||    44

Table legend:
 A = Non-vault XP
 B = Vault XP
 C = Vault XP percentage of total XP
 D = Non-vault monster count
 E = Vault monster count
 F = Vault count percentage of total count
                 A         B        C        D         E       F
            +---------+---------+-------+---------+---------+-------
      Total |   99026 |   45021 |  31.3 |     566 |     193 |  25.4
            +---------+---------+-------+---------+---------+-------
        D:1 |      48 |       0 |   0.0 |      26 |       0 |   0.0
        D:2 |     116 |     308 |  72.6 |      14 |       5 |  26.3
        D:3 |     227 |       5 |   2.2 |      26 |       2 |   7.1
        D:4 |     178 |       2 |   1.1 |      11 |       2 |  15.4
        D:5 |     453 |     641 |  58.6 |      20 |       1 |   4.8
        D:6 |    1065 |       0 |   0.0 |      28 |       0 |   0.0
        D:7 |    1255 |       0 |   0.0 |      21 |       0 |   0.0
        D:8 |    1174 |     914 |  43.8 |      25 |       2 |   7.4
        D:9 |    1686 |     622 |  26.9 |      26 |      32 |  55.2
       D:10 |    3404 |    5663 |  62.5 |      49 |      12 |  19.7
       D:11 |    1236 |       0 |   0.0 |      14 |       0 |   0.0
       D:12 |   10045 |       0 |   0.0 |      41 |       0 |   0.0
       D:13 |    4424 |       0 |   0.0 |      14 |       0 |   0.0
       D:14 |   10216 |    4997 |  32.8 |      31 |      11 |  26.2
     Lair:1 |    5627 |       0 |   0.0 |      22 |       0 |   0.0
     Lair:2 |    2997 |       0 |   0.0 |      13 |       0 |   0.0
     Lair:3 |    2056 |    1629 |  44.2 |       5 |       7 |  58.3
     Lair:4 |    4440 |    9094 |  67.2 |      19 |      19 |  50.0
     Lair:5 |    9808 |       0 |   0.0 |      34 |       0 |   0.0
     Lair:6 |    7841 |   13534 |  63.3 |      26 |      51 |  66.2
    Swamp:1 |   11019 |    3132 |  22.1 |      24 |       1 |   4.0
    Swamp:2 |   16288 |       0 |   0.0 |      54 |       0 |   0.0
      Orc:1 |    1112 |       9 |   0.8 |       7 |       6 |  46.2
      Orc:2 |    2311 |    2289 |  49.8 |      16 |      37 |  69.8
   Gauntlet |       0 |    2182 | 100.0 |       0 |       5 | 100.0
            +---------+---------+-------+---------+---------+-------

Levels and vault maps discovered:
D:1:      minmay_arrival_five_plusses, layout_basic
D:2:      layout_loops_ring, nemelex_xobeh_ov_fountains_minmay,
          old_standard_altar, minmay_tromino_v4_b, uniq_jessica, uniq_natasha,
          uniq_sigmund
D:3:      layout_basic, eat_drink_and_be_merry_uskayaw,
          nicolae_overflow_crystal_walls, minmay_distorted
D:4:      layout_cave_pools, first_ration, serial_shops, shop, minmay_cupped
D:5:      layout_gridville, old_standard_altar, uniq_pikel
D:6:      layout_basic, water_boxes_lemuel
D:7:      layout_loops_ring, minmay_temple_entry_nine_rooms,
          lightli_corner_chamber
D:8:      layout_cave_pools, lemuel_round_altar, okawaru_gym_becter, zin_purify,
          uniq_maurice, uniq_psyche
D:9:      layout_stronghold, kennysheep_mini, lemuel_coloured_pillars_altar,
          hiddenorc2_lemuel, grunt_ogre_cave
D:10:     layout_basic, dpeg_lair_monsters, basic_altar, serial_rivers,
          chequers_serial_rivers_marsh, chequers_serial_rivers_micro_a,
          chequers_serial_rivers_micro_a, chequers_serial_rivers_micro_a,
          chequers_serial_rivers_marsh, chequers_serial_rivers_micro_e,
          minmay_fractal_squares_gapless_7
D:11:     layout_gridville
D:12:     layout_irregular_city, gauntlet_entry_generic
D:13:     layout_basic, minmay_misc_feat_square, hangedman_abyss_or_decor_slice
D:14:     layout_long_grid, david_vaults_5, trog_ov_bears_minmay
Temple:   hc_temple_tempest_star
Lair:1:   layout_layer_cave
Lair:2:   layout_misc_corridors, minmay_lair_oklob_items, lemuel_fruit_fields
Lair:3:   layout_misc_corridors, nicolae_spider_entry_tight_spaces,
          chequers_serial_rivers_large_b, lemuel_fruit_tree, grunt_megastairs_5
Lair:4:   mu_elephants_graveyard, layout_big_grid, skrybe_swamp_entry_bodies,
          uniq_nergalle
Lair:5:   layout_cave_pods
Lair:6:   guppyfry_lair_end_dragon, layout_concentric_octagons,
          hangedman_lair_tendril_chambers, slime_dummy, serial_bayou_pond_e,
          minmay_hedge_maze, uniq_nessos
Swamp:1:  layout_falls_marsh, gammafunk_ghost_hydra_chop,
          evilmike_swamp_ruin_house_2, swamp_pool1, uniq_jorgrun
Swamp:2:  layout_basic_swamp, evilmike_swamp_ruin_rubble_2, swamp_pool1
Swamp:3:  layout_falls_marsh, hangedman_swamp_pad, swamp_pool2
Orc:1:    layout_diamond_mine, serial_shops, shop_statue, roderic_batcave
Orc:2:    grunt_orc_community_town_hall, layout_diamond_mine,
          grunt_orc_community_big_house_1, grunt_orc_community_big_house_2,
          grunt_orc_community_house_1, grunt_orc_community_house_3,
          grunt_orc_community_house_2, grunt_orc_community_house_2,
          grunt_orc_community_house_2, uniq_urug

Table legend:
 A = Turns spent in this place as a percentage of turns spent in the entire game.
 B = Non-inter-level travel turns spent in this place as a percentage of non-inter-level travel turns spent in the entire game.
 C = Inter-level travel turns spent in this place as a percentage of turns spent in this place.
 D = Turns resting spent in this place as a percentage of non-inter-level travel turns spent in this place.
 E = Turns spent auto-exploring this place as a percentage of non-inter-level travel turns spent in this place.
 F = Non-inter-level travel turns spent in this place divided by the number of levels of this place that you've seen.
                   A       B       C       D       E      F
               +-------+-------+-------+-------+-------+----------------------
         Total | 100.0 | 100.0 |   5.7 |  12.1 |  60.9 | 907.1
       Dungeon |  55.6 |  55.5 |   5.8 |  12.9 |  62.9 | 971.1
        Temple |   0.6 |   0.5 |  15.0 |   0.0 |  89.6 | 125.0
          Lair |  28.0 |  28.1 |   5.4 |  12.3 |  56.3 | 1145.5
         Swamp |   7.3 |   7.5 |   2.8 |  10.1 |  58.7 | 615.0
  Orcish Mines |   7.0 |   6.7 |   9.7 |  10.9 |  63.8 | 823.0
      Gauntlet |   1.6 |   1.7 |   0.0 |   0.0 |  60.0 | 408.0
               +-------+-------+-------+-------+-------+----------------------

Table legend:
 A = Kills in this place as a percentage of kills in entire the game.
 B = Kills by you in this place as a percentage of kills by you in the entire game.
 C = Kills by friends in this place as a percentage of kills by friends in the entire game.
 D = Other kills in this place as a percentage of other kills in the entire game.
 E = Experience gained in this place as a percentage of experience gained in the entire game.
 F = Experience gained in this place divided by the number of levels of this place that you have seen.
                   A       B       C       D       E      F
               +-------+-------+-------+-------+-------+----------------------
         Total | 100.0 | 100.0 | 100.0 | 100.0 | 100.0 | 5335.1
       Dungeon |  54.4 |  54.4 |   0.0 | 100.0 |  33.8 | 3477.1
          Lair |  25.8 |  25.8 | 100.0 |   0.0 |  39.6 | 9504.3
         Swamp |  10.4 |  10.4 |   0.0 |   0.0 |  21.1 | 10146.3
  Orcish Mines |   8.7 |   8.7 |   0.0 |   0.0 |   4.0 | 2860.5
      Gauntlet |   0.7 |   0.7 |   0.0 |   0.0 |   1.5 | 2182.0
               +-------+-------+-------+-------+-------+----------------------
